Map: Lightshade LE

Players

Antis - Winner!

  • Race: Zerg Zerg

Maplez

  • Race: Protoss Protoss

Event: DreamHack SC2 Masters 2021 Winter

VOD

Have the link to the VOD?

Description

Time

  • Played on: Oct. 5, 2021, 4:28 p.m.
  • Length: 10:06

All games in this series

Show
View Real Time Build Order
Export as new Build Order

Antis Zerg - Winner!

Build Orders: Hatch First 

Get SALT Encoding   

  12  0:00  Drone  
  13  0:12  Overlord  
  13  0:18  Drone  
  14  0:31  Drone x2  
  16  0:46  Drone  
  17  0:52  Hatchery  
  17  0:55  Drone  
  17  0:58  Drone  
  18  1:08  Extractor  
  17  1:13  Spawning Pool  
  17  1:17  Drone  
  17  1:19  Drone  
  18  1:29  Drone  
  19  1:43  Drone  
  20  1:54  Overlord  
  20  2:00  Queen  
  22  2:03  Queen  
  22  2:04  Zergling x4  
  26  2:12  Drone  
  26  2:13  Metabolic Boost  
  26  2:15  Drone  
  28  2:21  Drone  
  29  2:27  Drone  
  30  2:36  Hatchery  
  29  2:40  Drone x2  
  31  2:48  Queen  
  33  2:53  Overlord  
  33  2:58  Drone x2  
  35  2:59  Drone  
  36  3:13  Zergling x2  
  36  3:14  Zergling x2, Overlord  
  36  3:16  Drone x2  
  40  3:21  Queen  
  40  3:24  Zergling x2  
  43  3:28  Drone  
  43  3:33  Drone x2  
  46  3:43  Overlord  
  46  3:44  Overlord  
  46  3:48  Queen  
  48  3:54  Drone x2  
  49  3:56  Drone  
  49  4:00  Overlord  
  50  4:05  Drone x7, Spore Crawler  
  56  4:14  Zergling x2  
  56  4:18  Zergling x4  
  56  4:20  Spore Crawler  
  56  4:23  Queen  
  59  4:31  Drone x3  
  59  4:35  Drone x4  
  63  4:38  Drone x2  
  63  4:43  Drone x6  
  71  4:47  Overlord  
  71  4:53  Overlord  
  71  4:56  Queen, Extractor  
  71  4:58  Zergling x4  
  74  5:02  Extractor  
  74  5:03  Evolution Chamber  
  74  5:04  Roach Warren  
  74  5:07  Zergling x10  
  72  5:12  Queen  
  78  5:14  Drone x3  
  78  5:16  Spore Crawler  
  78  5:19  Overlord  
  80  5:24  Lair  
  80  5:27  Drone x4  
  84  5:34  Zerg Ground Armor Level 1  
  83  5:36  Drone x4  
  83  5:42  Drone x5  
  90  5:51  Evolution Chamber  
  90  5:55  Extractor  
  87  6:00  Drone x2  
  87  6:01  Drone x5  
  87  6:02  Hatchery  
  87  6:04  Extractor  
  87  6:05  Queen  
  87  6:10  Zergling x8  
  90  6:13  Drone x2  
  90  6:14  Drone x2  
  90  6:17  Zerg Missile Weapons Level 1  
  94  6:21  Roach x2  
  98  6:28  Glial Reconstitution  
  98  6:30  Hydralisk Den  
  97  6:43  Overlord x7  
  97  6:46  Queen  
  98  6:50  Queen, Spore Crawler  
  98  7:00  Spore Crawler  
  96  7:03  Overseer  
  96  7:04  Grooved Spines  
  96  7:06  Drone x11  
  107  7:18  Overlord  
  107  7:19  Drone x3, Hydralisk  
  107  7:20  Hydralisk x2  
  107  7:21  Extractor  
  115  7:29  Zerg Ground Armor Level 2  
  115  7:34  Hydralisk x6  
  124  7:47  Drone  
  124  7:48  Drone x2  
  124  7:49  Drone x3, Hydralisk  
  124  7:50  Hydralisk x4  
  139  8:03  Hydralisk  
  139  8:04  Hydralisk x7  
  153  8:10  Overseer  
  153  8:17  Ravager x2, Zergling x2  
  153  8:18  Zergling x8  
  153  8:19  Queen x2  
  160  8:20  Queen  
  160  8:26  Overlord x2  
  166  8:27  Overlord x4  
  166  8:32  Hatchery  
  163  8:34  Muscular Augments  
  163  8:45  Hydralisk  
  163  8:46  Hydralisk x9  
  183  8:51  Extractor  
  183  8:52  Extractor  
  183  8:53  Zergling x10  
  183  8:55  Infestation Pit  
  182  9:04  Hydralisk x2  
  182  9:05  Hydralisk, Zergling x6  
  182  9:06  Zergling x6  
  188  9:19  Hydralisk  
  188  9:20  Hydralisk x6  
  199  9:44  Spire  
  198  9:46  Extractor  
  198  9:49  Extractor  
  196  9:52  Hatchery  
  196  9:59  Hatchery  
Show
View Real Time Build Order
Export as new Build Order

Maplez Protoss 

Build Orders: 1 Gate Expand, Oracle Opening 

Get SALT Encoding   

  12  0:00  Probe  
  13  0:12  Probe  
  14  0:18  Pylon  
  14  0:24  Probe (Chrono Boost)  
  15  0:37  Probe (Chrono Boost)  
  15  0:40  Gateway  
  16  0:45  Probe (Chrono Boost)  
  17  0:51  Probe  
  17  0:54  Assimilator  
  18  1:03  Probe  
  19  1:15  Probe  
  20  1:28  Nexus  
  20  1:39  Cybernetics Core  
  20  1:42  Probe  
  21  1:50  Pylon  
  21  1:56  Assimilator  
  21  1:57  Probe  
  22  2:09  Probe (Chrono Boost)  
  23  2:20  Adept (Chrono Boost), Stargate  
  24  2:23  Probe (Chrono Boost)  
  24  2:28  Probe (Chrono Boost)  
  27  2:32  Warp Gate  
  27  2:40  Probe (Chrono Boost)  
  27  2:43  Probe (Chrono Boost)  
  29  2:45  Adept  
  29  2:49  Probe (Chrono Boost)  
  33  2:52  Probe (Chrono Boost)  
  33  2:54  Probe (Chrono Boost)  
  33  2:55  Void Ray (Chrono Boost)  
  34  3:02  Probe  
  39  3:06  Probe  
  40  3:14  Pylon  
  40  3:15  Probe  
  41  3:20  Gateway  
  41  3:21  Probe  
  41  3:27  Probe  
  43  3:31  Oracle (Chrono Boost)  
  46  3:35  Probe  
  46  3:41  Pylon  
  47  3:43  Probe  
  48  3:52  Probe  
  48  3:53  Pylon  
  49  3:55  Probe  
  47  4:03  Assimilator  
  47  4:04  Probe  
  47  4:05  Assimilator  
  47  4:07  Probe  
  49  4:14  Shield Battery  
  49  4:16  Probe  
  50  4:20  Probe  
  50  4:24  Nexus  
  51  4:28  Probe  
  51  4:32  Probe  
  51  4:33  Stargate  
  51  4:38  Stargate  
  52  4:40  Probe  
  52  4:44  Probe  
  54  4:52  Protoss Air Weapons Level 1 (Chrono Boost), Probe  
  55  4:54  Adept x2  
  55  4:59  Probe  
  60  5:01  Pylon  
  60  5:03  Pylon  
  60  5:05  Probe  
  60  5:11  Probe  
  60  5:14  Void Ray (Chrono Boost)  
  61  5:16  Pylon  
  61  5:17  Probe  
  61  5:20  Void Ray (Chrono Boost), Pylon  
  66  5:23  Pylon  
  66  5:24  Void Ray (Chrono Boost)  
  74  5:36  Probe x2  
  74  5:37  Probe  
  74  5:41  Zealot x2  
  79  5:48  Void Ray, Probe x2  
  81  5:56  Probe  
  85  5:57  Shield Battery  
  85  6:00  Probe x2  
  85  6:01  Void Ray  
  86  6:14  Fleet Beacon  
  86  6:16  Probe x3 (Chrono Boost)  
  88  6:19  Zealot  
  92  6:26  Probe x2 (Chrono Boost)  
  92  6:27  Probe (Chrono Boost)  
  92  6:30  Probe (Chrono Boost)  
  92  6:31  Probe (Chrono Boost)  
  92  6:32  Pylon  
  93  6:34  Probe  
  93  6:37  Zealot  
  93  6:39  Zealot  
  100  6:40  Assimilator  
  100  6:41  Assimilator  
  100  6:45  Probe  
  100  6:46  Probe  
  102  6:48  Probe  
  102  6:49  Flux Vanes  
  102  6:52  Pylon, Forge  
  103  6:57  Probe  
  104  7:02  Pylon  
  102  7:15  Adept  
  104  7:17  Adept, Protoss Air Weapons Level 2 (Chrono Boost)  
  104  7:18  Nexus  
  104  7:20  Pylon  
  104  7:21  Pylon  
  112  7:31  Probe x2  
  112  7:35  Carrier (Chrono Boost), Probe  
  115  7:41  Adept  
  115  7:42  Adept  
  117  7:47  Carrier (Chrono Boost)  
  121  8:01  Probe  
  121  8:02  Carrier (Chrono Boost)  
  121  8:04  Probe  
  127  8:06  Probe  
  126  8:13  Probe  
  126  8:18  Photon Cannon  
  127  8:20  Photon Cannon  
  127  8:21  Shield Battery  
  127  8:23  Twilight Council  
  124  8:28  Zealot x2  
  130  8:45  Void Ray (Chrono Boost), Carrier (Chrono Boost)  
  134  8:50  Zealot x2  
  134  8:53  Photon Cannon  
  134  8:54  Photon Cannon  
  138  8:56  Photon Cannon  
  138  8:57  Shield Battery  
  138  8:59  Shield Battery  
  138  9:04  Carrier (Chrono Boost)  
  138  9:15  Zealot x2  
  133  9:47  Pylon  

Tags
 
Add a new tag
Caveats
  • Supply blocks, unpowered buildings, or Contaminate may cause inaccurate times.
  • Supply counts are checked every 10 seconds.